 Dungeon Crawl Stone Soup version 0.23-a0-612-gcb482e9 (webtiles) character file.

8391 Leeroy the Magician (level 11, 0/85 HPs)
             Began as a Gnoll Skald on Dec 21, 2018.
             Was a High Priest of Okawaru.
             Slain by a bullfrog (6 damage)
             ... on level 9 of the Dungeon.
             The game lasted 01:02:54 (11503 turns).

Leeroy the Magician (Gnoll Skald)                  Turns: 11503, Time: 01:02:55

Health: 0/85       AC: 10    Str: 13    XL:     11   Next: 30%
Magic:  31/31      EV: 13    Int: 18    God:    Okawaru [*****.]
Gold:   687        SH:  6    Dex: 16    Spells: 4/25 levels left

rFire    . . .     SeeInvis .   Y - +1 battleaxe (vamp)
rCold    . . .     Gourm    .   (shield currently unavailable)
rNeg     . . .     Faith    .   B - +0 scale mail
rPois    .         Spirit   .   (no helmet)
rElec    .         Reflect  +   w - +0 cloak
rCorr    .         Harm     .   (no gloves)
MR       .....                  b - +0 pair of boots
Stlth    +++.......             S - +6 amulet of reflection
HPRegen  0.24/turn              n - ring of stealth
MPRegen  0.22/turn              J - ring of magical power

@: no status effects
A: distributed training, fangs 1, strong nose
a: Heroism, Finesse, Renounce Religion


You were on level 9 of the Dungeon.
You worshipped Okawaru.
Okawaru was extremely pleased with you.
You were not hungry.

You visited 2 branches of the dungeon, and saw 11 of its levels.

You collected 687 gold pieces.

Inventory:

Hand Weapons
 a - a +0 falchion
 f - a +2 dagger of flaming
 i - a +0 arbalest
 x - a +2 mace of holy wrath
 C - a +0 rapier
 G - a +0 blowgun
 H - a +2 quarterstaff of crushing
 K - a +1 whip of freezing
 T - a +0 shortbow
 Y - a +1 vampiric battleaxe (weapon)
Missiles
 e - 421 stones (quivered)
 j - 99 sling bullets
 t - 46 poisoned needles
 z - 143 arrows
 D - 5 silver tomahawks
 L - 35 bolts
 U - 4 tomahawks
Armour
 b - a +0 pair of boots (worn)
 l - the +2 leather armour "Letor" {Dex+10}
   (You found it on level 7 of the Dungeon)

   It affects your dexterity (+10).
 w - a +0 cloak (worn)
 y - a +2 shield of poison resistance
 B - a +0 scale mail (worn)
Magical Staves
 N - an uncursed staff of earth
 V - an uncursed staff of summoning
Jewellery
 n - a ring of stealth (left hand)
 p - an uncursed amulet of the acrobat
 s - a +4 ring of strength
 A - an uncursed amulet of guardian spirit
 J - a ring of magical power (right hand)
 S - a +6 amulet of reflection (around neck)
Wands
 g - a wand of enslavement (4)
 I - a wand of acid (7)
 Q - a wand of disintegration (12)
 R - a wand of flame (16)
 X - a wand of iceblast (10)
 Z - a wand of polymorph (8)
Scrolls
 c - a scroll of fog
 h - 6 scrolls of immolation
 m - a scroll of blinking {unknown}
 r - a scroll of summoning {unknown}
 u - 4 scrolls of remove curse
 v - a scroll of teleportation
 E - 2 scrolls of noise
 F - 2 scrolls of amnesia {unknown}
 M - a scroll of holy word {unknown}
 P - a scroll of brand weapon {unknown}
 W - a scroll of random uselessness {unknown}
Potions
 o - a potion of lignification
 q - a potion of berserk rage
 O - a potion of mutation
Comestibles
 d - 16 rations
 k - 2 chunks of flesh


   Skills:
 + Level 7.7 Fighting
 + Level 6.0 Short Blades
 + Level 7.7 Long Blades
 + Level 6.0 Axes
 + Level 6.0 Maces & Flails
 + Level 6.0 Polearms
 + Level 6.0 Staves
 + Level 6.0 Slings
 + Level 6.0 Bows
 + Level 6.0 Crossbows
 + Level 6.0 Throwing
 + Level 6.6 Armour
 + Level 7.7 Dodging
 + Level 6.0 Stealth
 + Level 6.0 Shields
 + Level 6.0 Unarmed Combat
 + Level 7.9 Spellcasting
 + Level 5.0 Conjurations
 + Level 5.0 Hexes
 + Level 7.5 Charms
 + Level 5.0 Summonings
 + Level 5.0 Necromancy
 + Level 5.0 Translocations
 + Level 5.0 Transmutations
 + Level 5.0 Fire Magic
 + Level 5.0 Ice Magic
 + Level 5.0 Air Magic
 + Level 5.0 Earth Magic
 + Level 5.0 Poison Magic
 + Level 6.6 Invocations
 + Level 6.0 Evocations


You had 4 spell levels left.
You knew the following spells:

 Your Spells              Type           Power        Failure   Level  Hunger
a - Infusion              Chrm           ####         1%          1    None
b - Song of Slaying       Chrm           ####....     2%          2    None
c - Shroud of Golubria    Chrm/Tloc      ####......   4%          2    None
d - Regeneration          Chrm/Necr      ####......   9%          3    #......
e - Spectral Weapon       Hex/Chrm       ####....     9%          3    #......
f - Dazzling Spray        Conj/Hex       ####..       14%         3    #......
g - Searing Ray           Conj           ####..       8%          2    None
h - Iskenderun's Mystic   Conj           ####....     43%         4    ###....
i - Summon Small Mammal   Summ           ####         4%          1    None

Your spell library contained the following spells:

 Spells                   Type           Power        Failure   Level  Hunger
 Animate Skeleton         Necr           N/A          4%          1    None
 Apportation              Tloc           ####..       4%          1    None
 Confusing Touch          Hex            ####..       4%          1    None
 Magic Dart               Conj           ####         4%          1    None
 Force Lance              Conj/Tloc      ####....     43%         4    ###....
 Fulminant Prism          Conj/Hex       ####......   43%         4    ###....


Dungeon Overview and Level Annotations

Branches:
Dungeon (10/15)            Temple (1/1) D:6            Lair (0/6) D:10
    Orc: D:9-12

Altars:
Ashenzari
Cheibriados
Dithmenos
Elyvilon
Fedhas
Gozag
Hepliaklqana
Kikubaaqudgha
Makhleb
Nemelex Xobeh
Okawaru
Qazlal
Ru
Sif Muna
Trog
Uskayaw
Vehumet
Wu Jian
Xom
Yredelemnul
Zin
The Shining One

Annotations:
D:3 2 transporters
D:10 Urug


Innate Abilities, Weirdness & Mutations

Your experience applies equally to all skills.
You have very sharp teeth.
Your uncanny sense of smell can sniff out nearby items.


Message History

Urug throws a javelin.
The javelin hits you!
* * * LOW HITPOINT WARNING * * *
The bullfrog hits you but does no damage.
There is a stone staircase leading up, spattered with blood here.
You see here 3 arrows.
Urug throws a javelin.
The javelin hits you!
* * * LOW HITPOINT WARNING * * *
You block the bullfrog's attack.
You climb upwards.
There is a stone staircase leading down, spattered with blood here.
Unknown command.
The bullfrog hits you.
* * * LOW HITPOINT WARNING * * *
Okay, then.
The bullfrog hits you but does no damage.
The bullfrog misses you.
The bullfrog hits you but does no damage.
The bullfrog misses you. The bullfrog hits you.
You die...

################################
..........................#....#
..........................#....#
.................)........#....#
..........................#....#
................@F........#....#
####......................#....#
......................#...#>...#
......................#.[...รท..#
......................#........#
......................#........#
......................#........#
....#######################....#
...............................#


You could see a bullfrog.

Vanquished Creatures
  A two-headed ogre (D:8)
  Pikel (D:8)
  Joseph (D:9)
  Maurice (D:8)
  2 hippogriffs
  12 yaks
  A human (D:8)
  4 hogs (D:8)
  A hungry ghost (D:8)
  4 porcupines
  An orc warrior (D:8)
  3 ice beasts
  A black bear (D:10)
  2 ogres
  3 centaurs
  2 big kobolds
  6 bullfrogs
  5 scorpions
  15 killer bees
  2 howler monkeys (D:5)
  2 crimson imps
  A bullfrog zombie (D:9)
  2 hounds
  4 jellies
  5 iguanas
  Jessica (D:3)
  4 worker ants
  2 killer bee zombies
  A hound zombie (D:7)
  2 worker ant zombies
  3 gnolls (D:4)
  8 adders
  2 shadow imps
  2 oozes
  A worm (D:3)
  2 dart slugs (D:2)
  5 leopard geckos
  6 orcs
  7 giant cockroaches
  9 goblins
  14 hobgoblins
  8 jackals
  3 quokkas
  2 ball pythons (D:2)
  A ball python skeleton (D:6)
  6 bats
  5 frilled lizards
  21 kobolds
  A quokka zombie (D:7)
  9 rats
  A plant (D:10)
208 creatures vanquished.

Vanquished Creatures (others)
  A centaur (D:10)
  A quokka skeleton (D:8)
  4 fungi (D:10)
  2 plants (D:10)
  A spectral weapon (D:9)
  4 toadstools (D:5)
13 creatures vanquished.

Grand Total: 221 creatures vanquished

Notes
Turn   | Place    | Note
-------+----------+-------------------------------------------
     0 | D:1      | Leeroy the Gnoll Skald began the quest for the Orb.
     0 | D:1      | Reached XP level 1. HP: 20/20 MP: 6/6
    54 | D:1      | You fall through a shaft!
    74 | D:2      | Reached XP level 2. HP: 20/26 MP: 7/7
    78 | D:2      | Learned a level 2 spell: Song of Slaying
    81 | D:2      | Learned a level 2 spell: Shroud of Golubria
   209 | D:1      | Found a shimmering altar of Xom.
   215 | D:1      | Reached XP level 3. HP: 21/31 MP: 9/9
   241 | D:1      | Reached skill level 5 in Spellcasting
   453 | D:1      | Reached skill level 1 in Invocations
   777 | D:2      | Reached skill level 1 in Short Blades
   777 | D:2      | Reached skill level 1 in Axes
   777 | D:2      | Reached skill level 1 in Maces & Flails
   777 | D:2      | Reached skill level 1 in Polearms
   777 | D:2      | Reached skill level 1 in Staves
   777 | D:2      | Reached skill level 1 in Slings
   777 | D:2      | Reached skill level 1 in Bows
   777 | D:2      | Reached skill level 1 in Crossbows
   777 | D:2      | Reached skill level 1 in Throwing
   777 | D:2      | Reached skill level 1 in Stealth
   777 | D:2      | Reached skill level 1 in Shields
   777 | D:2      | Reached skill level 1 in Unarmed Combat
   777 | D:2      | Reached skill level 1 in Evocations
   840 | D:2      | Reached XP level 4. HP: 33/38 MP: 11/11
   858 | D:2      | Learned a level 3 spell: Regeneration
   862 | D:2      | Learned a level 3 spell: Spectral Weapon
   961 | D:2      | Found a shattered altar of Ashenzari.
  1334 | D:3      | Reached skill level 1 in Conjurations
  1334 | D:3      | Reached skill level 1 in Hexes
  1334 | D:3      | Reached skill level 1 in Summonings
  1334 | D:3      | Reached skill level 1 in Necromancy
  1334 | D:3      | Reached skill level 1 in Translocations
  1334 | D:3      | Reached skill level 1 in Transmutations
  1334 | D:3      | Reached skill level 1 in Fire Magic
  1334 | D:3      | Reached skill level 1 in Ice Magic
  1334 | D:3      | Reached skill level 1 in Air Magic
  1334 | D:3      | Reached skill level 1 in Earth Magic
  1334 | D:3      | Reached skill level 1 in Poison Magic
  1390 | D:3      | Found an opulent altar of Gozag.
  1397 | D:3      | Found a glowing golden altar of the Shining One.
  1398 | D:3      | Found a snail-covered altar of Cheibriados.
  1399 | D:3      | Found a hide-covered altar of Uskayaw.
  1401 | D:3      | Found a burning altar of Makhleb.
  1401 | D:3      | Found an ancient bone altar of Kikubaaqudgha.
  1402 | D:3      | Found a shimmering altar of Xom.
  1722 | D:3      | Reached XP level 5. HP: 21/43 MP: 10/12
  1739 | D:3      | Noticed Jessica
  1747 | D:3      | Killed Jessica
  1760 | D:3      | Found a transporter.
  1779 | D:3      | Found a transporter.
  2097 | D:4      | Reached XP level 6. HP: 41/50 MP: 13/13
  2978 | D:5      | Entered Level 5 of the Dungeon
  3105 | D:5      | Reached skill level 5 in Fighting
  3105 | D:5      | Reached skill level 5 in Long Blades
  3105 | D:5      | Reached skill level 5 in Dodging
  3194 | D:5      | Reached XP level 7. HP: 44/56 MP: 15/15
  3766 | D:6      | Found a staircase to the Ecumenical Temple.
  3775 | Temple   | Entered the Ecumenical Temple
  3845 | Temple   | Became a worshipper of Warmaster Okawaru
  4549 | D:7      | Reached * piety under Okawaru
  4549 | D:7      | Reached XP level 8. HP: 40/63 MP: 16/16
  4588 | D:7      | Found a bloodstained altar of Trog.
  4753 | D:7      | Found a white marble altar of Elyvilon.
  4778 | D:7      | Got a shimmering leather armour
  5106 | D:8      | Learned a level 3 spell: Dazzling Spray
  5159 | D:8      | Learned a level 2 spell: Searing Ray
  5175 | D:8      | Noticed a hippogriff
  5195 | D:8      | Noticed a two-headed ogre
  5228 | D:8      | Killed a hippogriff
  5481 | D:8      | Killed a two-headed ogre
  5481 | D:8      | Reached ** piety under Okawaru
  5481 | D:8      | Reached *** piety under Okawaru
  5481 | D:8      | Reached XP level 9. HP: 32/69 MP: 12/18
  5509 | D:8      | You fall through a shaft for 2 floors!
  5509 | D:10     | Entered Level 10 of the Dungeon
  5510 | D:10     | Noticed an eight-headed hydra
  5579 | D:10     | Learned a level 4 spell: Iskenderun's Mystic Blast
  5673 | D:8      | Noticed Maurice
  5694 | D:7      | HP: 2/69 [poisoned by a killer bee]
  5713 | D:7      | HP: 4/103 [killer bee (3)]
  5718 | D:7      | HP: 5/103 [poisoned by a killer bee]
  6017 | D:7      | Reached skill level 5 in Armour
  6540 | D:8      | Reached **** piety under Okawaru
  6906 | D:8      | Reached skill level 5 in Invocations
  7088 | D:8      | Noticed Pikel
  7092 | D:8      | Killed Pikel
  7092 | D:8      | Received a gift from Okawaru
  7092 | D:8      | Reached XP level 10. HP: 71/77 MP: 20/20
  7283 | D:8      | Reached skill level 5 in Short Blades
  7283 | D:8      | Reached skill level 5 in Axes
  7283 | D:8      | Reached skill level 5 in Maces & Flails
  7283 | D:8      | Reached skill level 5 in Polearms
  7283 | D:8      | Reached skill level 5 in Staves
  7283 | D:8      | Reached skill level 5 in Slings
  7283 | D:8      | Reached skill level 5 in Bows
  7283 | D:8      | Reached skill level 5 in Crossbows
  7283 | D:8      | Reached skill level 5 in Throwing
  7283 | D:8      | Reached skill level 5 in Stealth
  7283 | D:8      | Reached skill level 5 in Shields
  7283 | D:8      | Reached skill level 5 in Unarmed Combat
  7283 | D:8      | Reached skill level 5 in Evocations
  8108 | D:8      | Killed Maurice
  8759 | D:9      | Identified the +2 leather armour "Letor" {Dex+10} (You
                  | found it on level 7 of the Dungeon)
  8793 | D:9      | Noticed Joseph
  9305 | D:9      | Killed Joseph
  9804 | D:9      | Learned a level 1 spell: Summon Small Mammal
  9964 | D:9      | Reached ***** piety under Okawaru
  9966 | D:9      | Received a gift from Okawaru
  9992 | D:9      | Reached XP level 11. HP: 34/84 MP: 13/22
 10610 | D:9      | Received a gift from Okawaru
 11406 | D:10     | Reached skill level 5 in Conjurations
 11406 | D:10     | Reached skill level 5 in Hexes
 11406 | D:10     | Reached skill level 5 in Summonings
 11406 | D:10     | Reached skill level 5 in Necromancy
 11406 | D:10     | Reached skill level 5 in Translocations
 11406 | D:10     | Reached skill level 5 in Transmutations
 11406 | D:10     | Reached skill level 5 in Fire Magic
 11406 | D:10     | Reached skill level 5 in Ice Magic
 11406 | D:10     | Reached skill level 5 in Air Magic
 11406 | D:10     | Reached skill level 5 in Earth Magic
 11406 | D:10     | Reached skill level 5 in Poison Magic
 11421 | D:10     | Found a staircase to the Lair.
 11465 | D:10     | Noticed Urug
 11493 | D:9      | HP: 3/85 [bullfrog (6)]
 11503 | D:9      | Slain by a bullfrog

Vault maps used:
D:1:      noname_arrival_rooms_in_the_neighbourhood, minmay_misc_feat_chi,
          xom_teletrap_fun
D:2:      first_ration, ashenzari_altar_1
D:3:      gammafunk_steamed_eel, grunt_temple_overflow_open, uniq_jessica
D:4:      minmay_misc_feat_tiny, minmay_goblin_kobold_house
D:5:      minmay_gold_behind_fungi
D:6:      lemuel_temple_firewalk_b
D:7:      elyvilon_altar_5, basic_altar
D:8:      grunt_livestock, uniq_maurice, uniq_pikel
D:9:      uniq_joseph
D:10:     due_lair_maze_entry_diamond, dk_noncrumbling_3, uniq_urug
Temple:   dshaligram_water_room_temple

Skill      XL: |  1  2  3  4  5  6  7  8  9 10 11 |
---------------+----------------------------------+-----
Spellcasting   | 5 6 7 |  7.9
Invocations    | 1 2 3 4 5 6 |  6.6
Short Blades   | 1 2 4 5 6 |  6.0
Axes           | 1 2 4 5 6 |  6.0
Maces & Flails | 1 2 4 5 6 |  6.0
Polearms       | 1 2 4 5 6 |  6.0
Staves         | 1 2 4 5 6 |  6.0
Slings         | 1 2 4 5 6 |  6.0
Bows           | 1 2 4 5 6 |  6.0
Crossbows      | 1 2 4 5 6 |  6.0
Throwing       | 1 2 4 5 6 |  6.0
Stealth        | 1 2 4 5 6 |  6.0
Shields        | 1 2 4 5 6 |  6.0
Unarmed Combat | 1 2 4 5 6 |  6.0
Evocations     | 1 2 4 5 6 |  6.0
Conjurations   | 1 2 3 4 5 |  5.0
Hexes          | 1 2 3 4 5 |  5.0
Summonings     | 1 2 3 4 5 |  5.0
Necromancy     | 1 2 3 4 5 |  5.0
Translocations | 1 2 3 4 5 |  5.0
Transmutations | 1 2 3 4 5 |  5.0
Fire Magic     | 1 2 3 4 5 |  5.0
Ice Magic      | 1 2 3 4 5 |  5.0
Air Magic      | 1 2 3 4 5 |  5.0
Earth Magic    | 1 2 3 4 5 |  5.0
Poison Magic   | 1 2 3 4 5 |  5.0
Armour         | 3 4 5 6 |  6.6
Fighting       | 5 6 7 |  7.7
Long Blades    | 5 6 7 |  7.7
Dodging        | 5 6 7 |  7.7
Charms         | 6 7 |  7.5

Action                   |  1- 3 |  4- 6 |  7- 9 | 10-12 || total
-------------------------+-------+-------+-------+-------++-------
Melee: Falchion          |   103 |   150 |   150 |       ||   403
       Bite              |     8 |    30 |    31 |    35 ||   104
       Trident           |       |    79 |    41 |       ||   120
       Rapier            |       |    12 |    68 |    64 ||   144
       Punch             |       |     1 |     5 |     9 ||    15
       Dagger            |       |       |    24 |   100 ||   124
       Quarterstaff      |       |       |       |    52 ||    52
       Whip              |       |       |       |    15 ||    15
       Battleaxe         |       |       |       |    69 ||    69
 Fire: Hunting sling     |       |     3 |       |       ||     3
Throw: Stone             |       |     1 |       |       ||     1
 Cast: Regeneration      |       |     7 |    11 |     9 ||    27
       Shroud of Golubri |       |     3 |     3 |     2 ||     8
       Spectral Weapon   |       |     1 |     2 |     4 ||     7
       Dazzling Spray    |       |       |    11 |    14 ||    25
       Searing Ray       |       |       |    24 |     9 ||    33
       Iskenderun's Myst |       |       |       |    10 ||    10
       Summon Small Mamm |       |       |       |    11 ||    11
Invok: Heroism           |       |       |     1 |     3 ||     4
Evoke: Wand              |       |       |     2 |     3 ||     5
  Use: Scroll            |     4 |       |    10 |    14 ||    28
       Potion            |       |       |     5 |     2 ||     7
 Stab: Sleeping          |     1 |     2 |     5 |     3 ||    11
       Distracted        |     1 |       |       |     2 ||     3
       Invisible         |       |       |     2 |     1 ||     3
  Eat: Chunk             |       |     8 |     3 |     7 ||    18
       Ration            |       |       |     5 |     4 ||     9
Armor: Leather armour    |    11 |    32 |       |     5 ||    48
       Ring mail         |       |    35 |    98 |    31 ||   164
       Skin              |       |       |    42 |       ||    42
       Scale mail        |       |       |       |    96 ||    96
Dodge: Dodged            |    84 |   239 |   375 |   392 ||  1090
Block: Other             |       |       |    45 |   108 ||   153
       Reflection        |       |       |       |     7 ||     7
       Rpst.: Falchion   |    28 |    32 |    30 |       ||    90

Table legend:
 A = Non-vault XP
 B = Vault XP
 C = Vault XP percentage of total XP
 D = Non-vault monster count
 E = Vault monster count
 F = Vault count percentage of total count
                 A         B        C        D         E       F
            +---------+---------+-------+---------+---------+-------
      Total |    8478 |    3510 |  29.3 |     187 |      21 |  10.1
            +---------+---------+-------+---------+---------+-------
        D:1 |      47 |       0 |   0.0 |      26 |       0 |   0.0
        D:2 |      74 |       0 |   0.0 |      23 |       0 |   0.0
        D:3 |      66 |      37 |  35.9 |      26 |       1 |   3.7
        D:4 |     144 |       6 |   4.0 |       6 |       5 |  45.5
        D:5 |     441 |       0 |   0.0 |      11 |       0 |   0.0
        D:6 |     222 |       0 |   0.0 |      11 |       0 |   0.0
        D:7 |     974 |       0 |   0.0 |      19 |       0 |   0.0
        D:8 |    2230 |    2112 |  48.6 |      19 |       7 |  26.9
        D:9 |    3652 |     741 |  16.9 |      35 |       3 |   7.9
       D:10 |     628 |     614 |  49.4 |      11 |       5 |  31.2
            +---------+---------+-------+---------+---------+-------
